[Event "CRO Team Cup 2018"]
[Site "Mali Losinj"]
[Date "2018.05.17"]
[Round "2.11"]
[White "Filipovic, Marko"]
[Black "Golubovic, Boris"]
[Result "1/2-1/2"]
[ECO "D41"]
[WhiteElo "2327"]
[BlackElo "2386"]
[Annotator "ChessBase"]
[PlyCount "289"]
[EventDate "2018.??.??"]
[EventType "team-tourn"]
[EventCountry "CRO"]
[SourceTitle "playchess.com"]
[Source "ChessBase"]
[SourceQuality "1"]
[TimeControl "40/5400+30:1800+30"]

1. d4 Nf6 2. c4 e6 3. Nc3 d5 4. Nf3 c5 5. cxd5 Nxd5 6. e4 Nxc3 7. bxc3 cxd4 8. cxd4 Bb4+ 9. Bd2 Bxd2+ 10. Qxd2 O-O 11. Bc4 Nd7 12. O-O b6 13. Rad1 Bb7 14. Rfe1 Rc8 15. Bb3 Qc7 16. d5 exd5 17. exd5 Qd6 18. Nd4 Qf6 19. Re3 Nc5 20. Rf3 Qe5 21. Nf5 Rfe8 22. Bc2 Rcd8 23. Re3 Qf6 24. d6 Rxe3 25. Qxe3 Ne6 26. Qd3 g6 27. Nh6+ Kg7 28. Ng4 Qg5 29. Qc3+ f6 30. Ne3 Qe5 31. Qd2 h5 32. Bb3 Nc5 33. Bc2 Rd7 34. Nc4 Qe6 35. Qd4 Qg4 36. Qxg4 hxg4 37. Ne3 f5 38. Rd4 Kf6 39. Nc4 Ba6 40. Ne3 Ke6 41. h3 gxh3 42. g4 f4 43. Rxf4 Bd3 44. g5 Rxd6 45. Bxd3 Nxd3 46. Re4+ Kd7 47. Rh4 Kc6 48. Rxh3 b5 49. Rh7 a5 50. Kg2 Nb4 51. a3 Nd5 52. Nc2 b4 53. axb4 axb4 54. Rh4 Kc5 55. Na1 Nc3 56. Nb3+ Kb5 57. Rf4 Rd5 58. Nd4+ Ka4 59. Rg4 Rc5 60. Nc2 Nd5 61. Nxb4 Nxb4 62. Kg3 Kb5 63. Rf4 Rxg5+ 64. Rg4 Rf5 65. Rxg6 Nd5 66. f3 Kc5 67. Ra6 Rf8 68. Ra4 Kd6 69. Re4 Nf6 70. Ra4 Ke5 71. Ra5+ Nd5 72. Ra4 Rg8+ 73. Rg4 Ra8 74. Rg5+ Ke6 75. Rg4 Ra3 76. Re4+ Kf5 77. Rc4 Ra5 78. Rh4 Nf6 79. Rb4 Nh5+ 80. Kh4 Nf4 81. Kg3 Ng6 82. Rc4 Ra3 83. Rb4 Ne5 84. Rf4+ Kg6 85. Rf8 Nf7 86. Rg8+ Kf6 87. Rg4 Ne5 88. Rf4+ Kg7 89. Rf5 Nf7 90. Rf4 Ng5 91. Rf5 Ne6 92. Kg4 Nd4 93. Rf4 Rd3 94. Re4 Nxf3 95. Kf4 Nd4 96. Re3 Rd1 97. Ke4 Ne6 98. Kf5 Kf7 99. Ra3 Rd5+ 100. Ke4 Rh5 101. Rf3+ Ke7 102. Rg3 Nc5+ 103. Kd4 Kd6 104. Rg6+ Ne6+ 105. Kc4 Rh4+ 106. Kc3 Kd5 107. Rg3 Nc5 108. Rg5+ Kc6 109. Rg6+ Kb5 110. Kd2 Rh3 111. Rg4 Nb3+ 112. Ke2 Kc5 113. Kf2 Nd4 114. Rg5+ Kc4 115. Rg8 Kd5 116. Rd8+ Ke4 117. Re8+ Kf4 118. Rf8+ Ke4 119. Re8+ Kd3 120. Rf8 Rh2+ 121. Kg3 Rh7 122. Rd8 Rf7 123. Kg4 Ke4 124. Re8+ Kd5 125. Rd8+ Ke5 126. Re8+ Ne6 127. Kg3 Rf6 128. Ra8 Rg6+ 129. Kf2 Rg7 130. Re8 Kf5 131. Ra8 Rd7 132. Ra5+ Kf4 133. Ra4+ Nd4 134. Rb4 Ke5 135. Ra4 Rf7+ 136. Kg3 Ke4 137. Kg2 Rb7 138. Kf2 Rb2+ 139. Kg3 Rd2 140. Rb4 Ra2 141. Rc4 Kd5 142. Rc8 Nf5+ 143. Kf3 Ra3+ 144. Kf4 Ne7 145. Rd8+ 1/2-1/2

[Event "CRO Team Cup 2018"]
[Site "Mali Losinj"]
[Date "2018.05.19"]
[Round "2.12"]
[White "Zelenika, Srdjan"]
[Black "Vargic, Drago"]
[Result "1/2-1/2"]
[ECO "C06"]
[WhiteElo "2218"]
[BlackElo "2283"]
[Annotator "NA"]
[PlyCount "56"]
[EventDate "2018.??.??"]
[EventType "team-tourn"]
[EventCountry "CRO"]
[SourceTitle "playchess.com"]
[Source "ChessBase"]
[SourceQuality "1"]
[TimeControl "40/5400+30:1800+30"]

1. e4 e6 2. d4 d5 3. Nd2 Nf6 4. e5 Nfd7 5. Bd3 c5 6. c3 Nc6 7. Ne2 cxd4 8. cxd4 f6 9. exf6 Nxf6 10. O-O Bd6 11. Nf3 {[%emt 0:01:00] LiveBook: 2885 Games} O-O 12. h3 Bd7 {[%emt 0:06:30] C06: French Tarrasch: 3...Nf6 4 e5 Nfd7 5 Bd3 main lines} (12... Qc7 13. Be3 Bd7 14. Nc3 a6 15. Rc1 Rae8 16. Bb1 Qb8 17. Re1 Kh8 18. Bg5 Bf4 19. Bxf4 Qxf4 20. Qd3 Re7 21. Rcd1 Be8 22. Ne5 Qh6 23. Nxc6 Bxc6 {1-0 (66) Guliev,L (2382)-Gadimbayli,A (2334) Baku 2016}) 13. Bf4 Bxf4 14. Nxf4 Ne4 15. Nh5 g6 $146 ({Predecessor:} 15... Be8 16. Ng3 Bg6 17. Re1 Rf4 18. Qc2 Nb4 19. Qd1 Nxd3 20. Qxd3 Nxg3 {0-1 (30) Cabral Teske,L (1894)-Souza,G (2002) Goiania 2017}) 16. Ng3 Nxg3 17. fxg3 Qb6 $1 18. Kh2 Nxd4 19. Ne5 Rxf1 20. Qxf1 Be8 21. Qf4 Nc6 22. Nxc6 Bxc6 $18 (22... Qxc6 $11 {and Black is okay.} 23. Rf1 Qc5) 23. Rf1 Qxb2 24. Qf7+ Kh8 25. Rf6 Rg8 26. Qxe6 d4 27. Rf3 Bxf3 28. Qf6+ Rg7 1/2-1/2

[Event "CRO Team Cup 2018"]
[Site "Mali Losinj"]
[Date "2018.05.17"]
[Round "2.15"]
[White "Djurovic, Goran"]
[Black "Havas, Janko"]
[Result "1/2-1/2"]
[ECO "B07"]
[WhiteElo "2394"]
[BlackElo "2224"]
[Annotator "ChessBase"]
[PlyCount "51"]
[EventDate "2018.??.??"]
[EventType "team-tourn"]
[EventCountry "CRO"]
[SourceTitle "playchess.com"]
[Source "ChessBase"]
[SourceQuality "1"]
[TimeControl "40/5400+30:1800+30"]

1. g3 Nf6 2. Bg2 g6 3. e4 d6 4. d4 Bg7 5. Ne2 O-O 6. Nbc3 c6 7. a4 a5 8. h3 Na6 9. Be3 Qc7 10. O-O Nd7 11. f4 Nb6 12. b3 Nb4 13. Na2 Nxa2 14. Rxa2 f5 15. exf5 Bxf5 16. g4 Be6 17. c4 d5 18. c5 Nd7 19. Nc1 b6 20. cxb6 Qxb6 21. Re2 Bf7 22. Bf2 e6 23. Rfe1 Rfe8 24. Kh1 Rab8 25. Qd3 Nf8 26. Rd1 1/2-1/2

[Event "CRO Team Cup 2018"]
[Site "Mali Losinj"]
[Date "2018.05.19"]
[Round "2.16"]
[White "Havas, Juraj"]
[Black "Bukal, Vladimir Jr"]
[Result "1/2-1/2"]
[ECO "A40"]
[WhiteElo "2028"]
[BlackElo "2388"]
[Annotator "NA"]
[PlyCount "118"]
[EventDate "2018.??.??"]
[EventType "team-tourn"]
[EventCountry "CRO"]
[SourceTitle "playchess.com"]
[Source "ChessBase"]
[SourceQuality "1"]
[TimeControl "40/5400+30:1800+30"]

1. d4 e6 2. c4 b6 3. Nf3 Bb7 4. g3 Bb4+ {[%emt 0:01:30] LiveBook: 232 Games} 5. Bd2 a5 {[%emt 0:02:30] A40: Unusual replies to 1 d4} (5... Bxf3 6. exf3 Bxd2+ 7. Qxd2 Nc6 8. f4 Qf6 9. d5 Nd4 10. Bg2 Rd8 11. Nc3 c5 12. O-O-O Nh6 13. Ne4 Qe7 14. Rhe1 Nhf5 15. Qc3 {0-1 (62) Aronian,L (2805)-Rapport,R (2707) Riadh 2017}) 6. Bg2 f5 7. O-O Nf6 8. Bf4 Be7 9. Nc3 O-O 10. d5 Qc8 $146 ({Predecessor:} 10... exd5 11. cxd5 Na6 12. d6 cxd6 13. Bxd6 Nc5 14. Nb5 Rc8 15. Bxe7 Qxe7 16. Nd6 Rcd8 17. Nxf5 Qe5 18. Nxe5 {1-0 (17) Hentzgen,T-Kruck,M Chemnitz 1997}) 11. Nb5 Na6 12. d6 cxd6 13. Bxd6 Qd8 14. Qd4 Bxd6 15. Nxd6 Bc6 16. Rac1 Nc5 17. b3 Qe7 18. Rfd1 Rab8 19. Qh4 ({White should try} 19. Ne5 $16 Bxg2 20. Kxg2) 19... Nce4 20. Nxe4 Bxe4 21. Ne5 Bxg2 22. Kxg2 d6 23. Nf3 e5 24. Rc2 h6 25. Rcd2 Rbd8 26. a3 Qc7 27. b4 Ne4 28. Rd3 Nf6 29. R3d2 axb4 30. axb4 e4 31. Nd4 Qxc4 32. Nxf5 Qe6 33. Nxd6 Ng4 34. e3 Rxf2+ 35. Rxf2 Nxe3+ 36. Kg1 Rxd6 37. Re1 Ng4 38. Rf4 Nf6 39. Rfxe4 Nxe4 40. Qxe4 Qxe4 41. Rxe4 Kf7 42. Kg2 Rd2+ 43. Kh3 Rb2 44. g4 Kf6 45. Rf4+ Ke6 46. Rc4 Kd5 47. Rf4 b5 48. g5 Rb3+ 49. Kg2 hxg5 50. Rg4 Rd3 51. Rxg5+ Kc4 52. Rxg7 Kxb4 53. h4 Kc4 54. Rc7+ Kb3 $11 55. h5 b4 56. h6 Ka2 57. Ra7+ Kb2 58. h7 Rd8 59. Kg3 b3 1/2-1/2

[Event "CRO Team Cup 2018"]
[Site "Mali Losinj"]
[Date "2018.05.19"]
[Round "2.20"]
[White "Bobanac, Miro"]
[Black "Zekic, Patrik"]
[Result "1-0"]
[ECO "A11"]
[WhiteElo "2276"]
[BlackElo "1525"]
[Annotator "NA"]
[PlyCount "97"]
[EventDate "2018.??.??"]
[EventType "team-tourn"]
[EventCountry "CRO"]
[SourceTitle "playchess.com"]
[Source "ChessBase"]
[SourceQuality "1"]
[TimeControl "40/5400+30:1800+30"]

1. Nf3 d5 2. g3 Nf6 3. Bg2 Bf5 4. c4 c6 5. Qb3 Qb6 6. d3 e6 {[%emt 0:13:30] LiveBook: 35 Games A11: English Opening: 1...c6} 7. O-O Bd6 (7... Nbd7 8. cxd5 exd5 9. Qc2 Qc5 10. Qd1 Be7 11. Nc3 Rd8 12. Be3 Qa5 13. a3 a6 14. b4 Qc7 {½-½ (37) Tomashevsky,E (2710)-Vallejo Pons,F (2717) Tbilisi 2017}) 8. Be3 $146 ({Predecessor:} 8. Nc3 Nbd7 9. Be3 Qc7 10. Rac1 dxc4 11. Qxc4 a6 12. Nd4 Bg6 13. b4 Nb6 14. Qb3 {1-0 (55) De la Fuente Gonzalez,F (2242)-Avendano Mateos,I (1912) Madrid 2007}) 8... Qxb3 9. axb3 a6 10. Nc3 Nbd7 11. Na4 O-O 12. Rfc1 Ng4 13. Bd2 Ngf6 14. Ba5 Rac8 15. c5 Bc7 16. Bxc7 Rxc7 17. Nd2 e5 18. b4 Be6 19. e4 d4 ({Better is} 19... Rd8 $15) 20. b3 g5 21. Nb2 g4 22. Nbc4 Bxc4 23. bxc4 Rb8 24. Rcb1 Rbc8 25. h3 h5 26. f3 gxf3 27. Nxf3 Kh7 28. Nh4 Rg8 29. Kh2 Ne8 30. Rf1 f6 31. Nf5 Ng7 32. Nd6 Ne6 33. h4 Ng7 34. Bh3 Rf8 35. Ra2 Ne8 36. Raf2 Ng7 37. Bxd7 Rxd7 38. Rxf6 Rxf6 39. Rxf6 Kg8 40. Kh3 Re7 41. Rh6 Rd7 42. Rg6 Kh7 43. Rg5 Re7 44. Kg2 Kh6 {[%emt 0:02:30] [#]} 45. Rxg7 $1 Rxg7 46. Nf5+ Kg6 47. Nxg7 Kxg7 48. g4 hxg4 49. Kg3 1-0

[Event "CRO Team Cup 2018"]
[Site "Mali Losinj"]
[Date "2018.05.18"]
[Round "2.21"]
[White "Pavic, Filip"]
[Black "Lalic, Bogdan"]
[Result "1/2-1/2"]
[ECO "B33"]
[WhiteElo "2233"]
[BlackElo "2396"]
[Annotator "NA"]
[PlyCount "34"]
[EventDate "2018.??.??"]
[EventType "team-tourn"]
[EventCountry "CRO"]
[SourceTitle "playchess.com"]
[Source "ChessBase"]
[SourceQuality "1"]
[TimeControl "40/5400+30:1800+30"]

1. e4 c5 2. Nf3 Nc6 3. d4 cxd4 4. Nxd4 Nf6 5. Nc3 e5 6. Ndb5 d6 7. Nd5 Nxd5 8. exd5 Nb8 9. a4 Be7 10. Be2 {[%emt 0:01:30] LiveBook: 92 Games} O-O 11. O-O a6 12. Na3 Nd7 13. Nc4 Nb6 14. Nxb6 Qxb6 15. a5 Qc7 16. Be3 f5 17. c4 Bf6 $14 1/2-1/2

[Event "CRO Team Cup 2018"]
[Site "Mali Losinj"]
[Date "2018.05.19"]
[Round "2.22"]
[White "Plenkovic, Zdenko"]
[Black "Radenic, Filip"]
[Result "1-0"]
[ECO "C11"]
[WhiteElo "2403"]
[BlackElo "2177"]
[Annotator "ChessBase"]
[PlyCount "119"]
[EventDate "2018.??.??"]
[EventType "team-tourn"]
[EventCountry "CRO"]
[SourceTitle "playchess.com"]
[Source "ChessBase"]
[SourceQuality "1"]
[TimeControl "40/5400+30:1800+30"]

1. e4 e6 2. d4 d5 3. Nc3 Nf6 4. e5 Nfd7 5. f4 c5 6. Nf3 Nc6 7. Bd3 cxd4 8. Ne2 f5 9. O-O Be7 10. Kh1 O-O 11. a3 a5 12. b3 Nc5 13. Bb2 Bd7 14. Nexd4 Qb6 15. Nxc6 bxc6 16. Bd4 Qb7 17. Bxc5 Bxc5 18. g4 Be3 19. gxf5 exf5 20. Qe1 d4 21. Bc4+ Kh8 22. Qg3 c5 23. h4 Qe4 24. Rae1 Bxf4 25. Rxe4 Bxg3 26. Re2 Bc6 27. h5 Rae8 28. e6 Rf6 29. Kg2 Bf4 30. Kh3 Rh6 31. Nh4 Rxh5 32. Rxf4 g5 33. Rxf5 Rxh4+ 34. Kg3 Re4 35. Rxe4 Bxe4 36. Rxg5 Bxc2 37. Kf4 a4 38. bxa4 Bxa4 39. Rxc5 Kg7 40. Rc7+ Kg6 41. Ke5 Bc2 42. Bb5 Rb8 43. Bc6 Kg5 44. Kxd4 Kf6 45. Bd5 Bg6 46. Rc3 Rd8 47. Rf3+ Ke7 48. Ke5 Rc8 49. Rb3 Rc7 50. a4 Bc2 51. Ra3 Ra7 52. a5 Ra6 53. Rc3 Bg6 54. Rc7+ Kd8 55. Rc5 Ke7 56. Bc4 Ra7 57. a6 Bh5 58. Kd4 Bg6 59. Rb5 Kd6 60. Rb7 1-0